 Dungeon Crawl Stone Soup version 0.22-a0-512-g0943f25562 (webtiles) character file.

623390 NoiZ the Slayer (level 27, 0/269 HPs)
             Began as a Minotaur Fighter on June 18, 2018.
             Was the Champion of Okawaru.
             Killed by divine providence
             ... invoked by a greater mummy
              (13 damage)
             ... on level 2 of the Tomb of the Ancients on June 19, 2018.
             The game lasted 04:37:06 (61664 turns).

NoiZ the Slayer (Minotaur Fighter)                 Turns: 61664, Time: 04:37:06

Health: 0/269      AC: 52    Str: 34    XL:     27
Magic:  23/29      EV: 13    Int:  8    God:    Okawaru [******]
Gold:   7302       SH: 19    Dex: 12    Spells: 26/26 levels left

rFire    . . .     SeeInvis .   r - +8 mithril axe "Arga" {speed, MR+}
rCold    . . .     Gourm    .   t - +0 shield {reflect}
rNeg     + + .     Faith    .   c - +8 orange crystal plate armour {Archmagi, Int+3 Clar}
rPois    .         Spirit   .   L - +1 hat
rElec    .         Reflect  +   C - scarf {repulsion}
rCorr    .         Harm     .   D - +1 pair of gloves of the Saviour {Slay+2}
MR       +++++     Clarity  +   g - +2 pair of boots {Fly}
Stlth    ..........             H - amulet of the Four Winds {rN+ MR+++ Clar}
HPRegen  0.54/turn              X - +5 ring of protection
MPRegen  0.21/turn              l - ring of positive energy

@: heroism, finesse, flying, slowed, repel missiles, very slow
A: retaliatory headbutt, horns 2, magic resistance 1, strong 1, wild magic 1,
evolution 1, MP-powered wands
}: 3/15 runes: decaying, serpentine, silver
a: Heroism, Finesse, Renounce Religion, Stop Flying


You were on level 2 of the Tomb of the Ancients.
You worshipped Okawaru.
Okawaru was exalted by your worship.
You were near starving.

You visited 11 branches of the dungeon, and saw 50 of its levels.
You also visited: Bailey, Volcano and Wizlab.

You collected 7982 gold pieces.
You spent 680 gold pieces at shops.

Inventory:

Hand Weapons
 r - the +8 mithril axe "Arga" (weapon) {speed, MR+}
   (Okawaru gifted it to you on level 2 of the Depths)

   Attacks with this weapon are significantly faster.
   It affects your resistance to hostile enchantments.
 K - the +4 demon whip of the Spinneret {pain, rElec rPois rN+ Dex+4 SInv}
   (You found it in a wizard's laboratory)

   In the hands of one skilled in necromantic magic, it inflicts extra damage on
   living creatures.
   It affects your dexterity (+4).
   It insulates you from electricity.
   It protects you from poison.
   It protects you from negative energy.
   It lets you see invisible.
Missiles
 G - 2 steel tomahawks (quivered)
 M - 5 tomahawks
 W - 3 javelins of penetration
 Z - 17 silver tomahawks
Armour
 c - the +8 orange crystal plate armour (worn) {Archmagi, Int+3 Clar}
   (You found it on level 3 of the Elven Halls)

   It affects your intelligence (+3).
   It protects you against confusion.
 g - a +2 pair of boots of flying (worn)
 t - a +0 shield of reflection (worn)
 C - a scarf of repulsion (worn)
 D - the +1 pair of gloves of the Saviour (worn) {Slay+2}
   (Okawaru gifted it to you on level 3 of the Depths)

   It affects your accuracy and damage with ranged weapons and melee attacks
   (+2).
 L - a +1 hat (worn)
Jewellery
 l - a ring of positive energy (right hand)
 H - the amulet of the Four Winds (around neck) {rN+ MR+++ Clar}
   (You took it off a deep elf mage on level 3 of the Elven Halls)

   [amulet of nothing]

   It protects you from negative energy.
   It affects your resistance to hostile enchantments.
   It protects you against confusion.
 X - a +5 ring of protection (left hand)
Wands
 a - a wand of acid (7)
 x - a wand of paralysis (61)
 z - a wand of disintegration (81)
 R - a wand of digging (61)
Scrolls
 e - 3 scrolls of holy word
 o - 21 scrolls of remove curse
 p - 9 scrolls of immolation
 q - 7 scrolls of blinking
 s - 14 scrolls of teleportation
 v - 9 scrolls of enchant armour
 w - 4 scrolls of fear
 y - 6 scrolls of enchant weapon
 B - 11 scrolls of magic mapping
 F - 11 scrolls of fog
 I - a scroll of brand weapon
 J - a scroll of summoning
 T - 27 scrolls of identify
 V - 2 scrolls of acquirement
Potions
 d - 6 potions of might
 h - 6 potions of lignification
 i - 4 potions of resistance
 j - 8 potions of agility
 k - 9 potions of mutation
 n - 12 potions of haste
 u - 14 potions of curing
 E - 4 potions of berserk rage
 P - 7 potions of ambrosia
 S - 6 potions of cancellation
 Y - 2 potions of invisibility
Miscellaneous
 b - 4 sacks of spiders
 A - a lightning rod (4/4)
 U - a phial of floods
Comestibles
 f - 82 rations


   Skills:
 + Level 26.2(27) Fighting
 - Level 22.0(27) Axes
 + Level 1.8(20.1) Maces & Flails
 - Level 19.0(24.0) Throwing
 - Level 22.0(27) Armour
 - Level 4.0(9.0) Dodging
 - Level 20.0(25.0) Shields
 - Level 11.6(16.6) Unarmed Combat
 - Level 10.0 Invocations
 - Level 8.0 Evocations


You had 26 spell levels left.
You didn't know any spells.
Your spell library contained the following spells:

 Spells                   Type           Power        Failure   Level  Hunger
 Cause Fear               Hex            #.........   100%        4    #####..
 Magic Dart               Conj           #...         92%         1    ##.....
 Fireball                 Conj/Fire      #.........   100%        5    ######.
 Apportation              Tloc           #.....       92%         1    ##.....
 Conjure Flame            Conj/Fire      #.......     100%        3    ####...
 Lightning Bolt           Conj/Air       #.........   100%        5    ######.
 Bolt of Magma            Conj/Fire/Erth #.........   100%        5    ######.
 Slow                     Hex            #.......     98%         2    ###....
 Confuse                  Hex            #.......     100%        3    ####...
 Invisibility             Hex            #.......     100%        6    #######
 Throw Flame              Conj/Fire      #.....       98%         2    ###....
 Throw Frost              Conj/Ice       #.....       98%         2    ###....
 Controlled Blink         Tloc           N/A          100%        8    #######
 Freezing Cloud           Conj/Ice/Air   #.........   100%        6    #######
 Mephitic Cloud           Conj/Pois/Air  #.......     100%        3    ####...
 Ring of Flames           Chrm/Fire      #.........   100%        7    #######
 Venom Bolt               Conj/Pois      #.........   100%        5    ######.
 Olgreb's Toxic Radiance  Pois           #.......     100%        4    #####..
 Teleport Other           Tloc           #.......     100%        3    ####...
 Death's Door             Chrm/Necr      #.........   100%        8    #######
 Summon Small Mammal      Summ           #...         92%         1    ##.....
 Lehudib's Crystal Spear  Conj/Erth      #.........   100%        8    #######
 Blink                    Tloc           N/A          98%         2    ###....
 Summon Horrible Things   Summ           #.........   100%        8    #######
 Animate Skeleton         Necr           N/A          92%         1    ##.....
 Haunt                    Necr/Summ      #.........   100%        7    #######
 Borgnjor's Revivificati  Necr           #.........   100%        8    #######
 Sticky Flame             Conj/Fire      #.......     100%        4    #####..
 Summon Ice Beast         Ice/Summ       #.......     100%        4    #####..
 Ozocubu's Armour         Chrm/Ice       #.......     100%        3    ####...
 Call Imp                 Summ           #.......     98%         2    ###....
 Regeneration             Chrm/Necr      #.........   100%        3    ####...
 Sting                    Conj/Pois      #...         92%         1    ##.....
 Sublimation of Blood     Necr           #.........   98%         2    ###....
 Tukima's Dance           Hex            #.......     100%        3    ####...
 Summon Greater Demon     Summ           #.........   100%        7    #######
 Stone Arrow              Conj/Erth      #.....       100%        3    ####...
 Shock                    Conj/Air       #...         92%         1    ##.....
 Swiftness                Chrm/Air       #.......     98%         2    ###....
 Spider Form              Tmut/Pois      #.........   100%        3    ####...
 Blade Hands              Tmut           #.........   100%        5    ######.
 Statue Form              Tmut/Erth      #........    100%        6    #######
 Ice Form                 Ice/Tmut       #.......     100%        4    #####..
 Dragon Form              Tmut           #.........   100%        7    #######
 Necromutation            Tmut/Necr      #.........   100%        8    #######
 Deflect Missiles         Chrm/Air       #.........   100%        6    #######
 Airstrike                Air            #.........   100%        4    #####..
 Confusing Touch          Hex            #.....       92%         1    ##.....
 Flame Tongue             Conj/Fire      #....        92%         1    ##.....
 Passwall                 Tmut/Erth      #.......     98%         2    ###....
 Ignite Poison            Fire/Tmut/Pois #.......     100%        3    ####...
 Sticks to Snakes         Tmut           #.......     98%         2    ###....
 Call Canine Familiar     Summ           #.......     100%        3    ####...
 Ensorcelled Hibernation  Hex/Ice        #.....       98%         2    ###....
 Summon Butterflies       Summ           #.......     92%         1    ##.....
 Silence                  Hex/Air        #.........   100%        5    ######.
 Shatter                  Erth           #.........   100%        9    #######
 Dispersal                Tloc           #.........   100%        6    #######
 Static Discharge         Conj/Air       #.......     100%        3    ####...
 Corona                   Hex            #......      92%         1    ##.....
 Alistair's Intoxication  Tmut/Pois      #.......     100%        5    ######.
 Lee's Rapid Deconstruct  Erth           #.........   100%        5    ######.
 Sandblast                Erth           #.....       92%         1    ##.....
 Portal Projectile        Hex/Tloc       #.....       100%        3    ####...
 Monstrous Menagerie      Summ           #.........   100%        7    #######
 Petrify                  Tmut/Erth      #.......     100%        4    #####..
 Passage of Golubria      Tloc           N/A          100%        4    #####..
 Orb of Destruction       Conj           #.........   100%        7    #######
 Malign Gateway           Summ/Tloc      #.........   100%        7    #######
 Tornado                  Air            #.........   100%        9    #######
 Leda's Liquefaction      Hex/Erth       #.........   100%        4    #####..
 Summon Hydra             Summ           #.........   100%        7    #######
 Darkness                 Hex            #.........   100%        6    #######
 Shroud of Golubria       Chrm/Tloc      #.........   98%         2    ###....
 Inner Flame              Hex/Fire       #.......     100%        3    ####...
 Beastly Appendage        Tmut           #.....       92%         1    ##.....
 Disjunction              Tloc           #.........   100%        8    #######
 Fulminant Prism          Conj/Hex       #.........   100%        4    #####..
 Dazzling Spray           Conj/Hex       #.....       100%        3    ####...
 Force Lance              Conj/Tloc      #.......     100%        4    #####..
 Infusion                 Chrm           #...         92%         1    ##.....
 Song of Slaying          Chrm           #.......     98%         2    ###....
 Spectral Weapon          Hex/Chrm       #.......     100%        3    ####...
 Discord                  Hex            #.........   100%        8    #######
 Summon Lightning Spire   Summ/Air       #.......     100%        4    #####..
 Summon Guardian Golem    Hex/Summ       #.......     100%        3    ####...
 Summon Mana Viper        Hex/Summ       #.......     100%        5    ######.
 Hydra Form               Tmut           #.........   100%        6    #######
 Irradiate                Conj/Tmut      #.........   100%        5    ######.
 Gell's Gravitas          Tloc           #.........   100%        3    ####...
 Yara's Violent Unravell  Hex/Tmut       #.........   100%        5    ######.
 Infestation              Necr           #.........   100%        8    #######
 Lesser Beckoning         Tloc           #.........   100%        3    ####...
 Poisonous Vapours        Pois/Air       #.....       98%         2    ###....
 Ignition                 Fire           #.........   100%        8    #######


Dungeon Overview and Level Annotations

Branches:
Dungeon (15/15)            Temple (0/1) D:6            Lair (6/6) D:10
  Swamp (4/4) Lair:3        Snake (4/4) Lair:2        Slime (1/5) Lair:5
    Orc (2/2) D:9             Elf (3/3) Orc:2        Vaults (5/5) D:14
  Crypt (3/3) Vaults:3       Tomb (2/3) Crypt:3      Depths (5/5) D:15
    Zot (0/5) Depths:5

Altars:
Ashenzari
Dithmenos
Fedhas
Gozag
Kikubaaqudgha
Okawaru
Qazlal
Sif Muna
Wu Jian
Yredelemnul
Zin
Beogh
Jiyva

Shops:
Orc:1 !   Orc:2 %[!??   Snake:1 }=}*   Vaults:1 [%[   Depths:1 [

Portals:
Hell: Depths:1 Depths:2 Depths:3 Depths:4 Depths:5
Abyss: Depths:3 Depths:4
Pandemonium: Depths:1 Depths:3 Depths:4
Ziggurat: Depths:5
Trove: D:12 (give +4 demon trident)

Annotations:
Crypt:1 exclusion: door


Innate Abilities, Weirdness & Mutations

You reflexively headbutt those who attack you in melee.
You have a pair of horns on your head.
You are resistant to hostile enchantments. (MR+)
Your muscles are strong. (Str +2)
Your spells are a little harder to cast, but a little more powerful.
You evolve.
You expend magic power (3 MP) to strengthen your wands.


Message History

The death scarab bites you but does no damage. x3
The death scarab misses you. You furiously retaliate!
You headbutt the death scarab! The death scarab barely misses you.
The jiangshi closely misses you.
The jiangshi claws you but does no damage.
You block the phantasmal warrior's attack.
The death scarab bites you but does no damage.
You block the death scarab's attack.
The phantasmal warrior blinks!
The death scarab barely misses you. You furiously retaliate!
You headbutt the death scarab!
The death scarab bites you but does no damage.
The skeletal warrior barely misses you.
The mummy priest calls on the powers of darkness!
Your body is wracked with pain!
* * * LOW HITPOINT WARNING * * *
The death scarab bites you but does no damage.
The phantasmal warrior misses you.
The greater mummy points at you and mumbles some strange words.
Something smites you!
You die...

.... ......
.....###.....
....#M..#... .
..#.....#. . #.
#....M./# .#
#..#..MWsWM#..#
#...MzszM.#
##...Ws@ss.##
#...sMsVWs..#
##..MMWsss.##
#..8..MM..#
#..#M..ยง...#..#
#. #.......#%.#
. .#.....#. ..#
...#...#... .#
.....###.....


You could see 4 greater mummies, 3 mummy priests, 2 skeletal warriors, a
jiangshi, 2 phantasmal warriors, 2 guardian mummies, an ushabti, 2 freezing
wraiths, a hungry ghost, 11 death scarabs and 3 mummies.

Vanquished Creatures
  2 ancient liches
  2 greater mummies (Tomb:1)
  The ghost of NoiZ the Slayer, a veteran MiFi of Okawaru (Vaults:2)
  Frederick (Crypt:2)
  Bai Suzhen (Vaults:4)
  Vashnia (Snake:2)
  A caustic shrike (Depths:2)
  3 golden dragons
  A bone dragon (Depths:5)
  Jory (Crypt:1)
  Nikola (Snake:1)
  Rupert (Lair:5)
  The ghost of RKaid the Spry, an adept HaAM of Okawaru (Vaults:1)
  A moon troll (WizLab)
  4 tentacled monstrosities
  The ghost of Ipnus the Warrior, an adept HOFi of Beogh (Snake:2)
  3 titans
  3 deep elf blademasters
  Asterion (Elf:3)
  2 liches
  2 deep elf master archers
  Gastronok (Lair:1)
  8 ancient champions
  8 tentacled starspawn (WizLab)
  A thorn hunter (Swamp:3)
  12 sphinxes
  4 storm dragons
  Donald (Crypt:1)
  3 shadow dragons
  3 revenants
  10 nagarajas
  Roxanne (Snake:1)
  6 tengu reavers
  9 fire giants
  An iron dragon (Depths:2)
  13 vault wardens
  2 draconian scorchers (Depths:5)
  2 cacodemons
  4 ghouls
  4 deep elf elementalists
  15 deep elf sorcerers
  12 frost giants
  3 curse skulls
  12 ironheart preservers
  Louise (Snake:1)
  3 spriggan defenders
  A war gargoyle (Vaults:5)
  25 stone giants
  32 very ugly things
  A green draconian (Depths:5)
  2 bennus (Tomb:1)
  3 entropy weavers
  7 deep elf demonologists
  The ghost of Niaxouha the Blocker, a journeyman MiFi of Uskayaw (D:14)
  2 vampire knights
  6 deep elf annihilators
  2 purple draconians (Depths:5)
  A spark wasp (Depths:3)
  Azrael (D:14)
  3 eidola
  2 white draconians (Depths:5)
  2 yellow draconians (Depths:5)
  The ghost of Sesay the Severer, a journeyman HOMo of Beogh (Lair:3)
  10 ettins
  14 deep elf death magi
  11 mummy priests (Tomb:1)
  A merfolk impaler (Depths:2)
  2 green deaths (Swamp:4)
  10 fire dragons
  2 crystal guardians (WizLab)
  12 ogre magi
  12 great orbs of eyes
  Fannar (Lair:3)
  9 ice dragons
  3 spriggan air magi
  6 deep elf high priests
  13 yaktaur captains
  2 ghost crabs
  13 naga warriors
  A monstrous demonspawn (Depths:4)
  30 vault guards
  14 hydras
  5 rakshasas
  2 catoblepae
  8 centaur warriors
  9 alligators
  7 anacondas
  27 two-headed ogres
  27 dancing weapons
  A death knight (Vaults:4)
  6 deep troll shamans
  4 tengu warriors
  The ghost of yrara the Martial Artist, a novice DsFi of Gozag (D:9)
  4 deep troll earth magi
  6 death yaks (Lair:2)
  An orc high priest (Orc:1)
  2 spriggan berserkers
  3 hell hogs (Depths:1)
  9 death scarabs
  3 vampire magi
  16 spriggans
  14 naga sharpshooters
  Sonja (Lair:2)
  A storm dragon zombie (Vaults:3)
  2 soul eaters
  A shock serpent (Snake:1)
  A small abomination (Vaults:2)
  Urug (D:13)
  2 iron trolls (Depths:3)
  11 deep elf knights
  24 skeletal warriors
  A spectral anaconda (Snake:2)
  2 hell knights
  3 shadow wraiths
  2 wretched stars (WizLab)
  44 slime creatures
  A glowing orange brain (shapeshifter) (Depths:5)
  2 unseen horrors
  2 salamander mystics
  2 infernal demonspawn (Depths:4)
  5 wizards
  10 glowing orange brains
  9 swamp dragons
  A tengu zombie (Vaults:4)
  An orange crystal statue (WizLab)
  A lindwurm (shapeshifter) (Elf:1)
  9 flayed ghosts
  19 phantasmal warriors
  3 naga ritualists
  2 shambling mangroves
  22 deep trolls
  An entropy weaver zombie (Crypt:2)
  12 harpies
  A swamp dragon (shapeshifter) (Vaults:5)
  5 necromancers
  19 deep elf archers
  11 ironbrand convokers
  2 oklob plants
  22 orc knights
  6 orc sorcerers
  A wolf spider (shapeshifter) (Vaults:5)
  7 mana vipers
  An orb spider (shapeshifter) (Vaults:2)
  A lindwurm (Lair:2)
  2 stone giant zombies
  5 manticores
  66 deep elf magi
  4 cyclopes
  10 salamanders
  A shining eye (shapeshifter) (Depths:5)
  34 ugly things
  2 moths of wrath (shapeshifter) (Vaults:5)
  3 centaur zombies
  3 wolf spiders
  A fire giant skeleton (Crypt:3)
  2 guardian serpents
  9 vault sentinels
  2 frost giant skeletons
  30 black mambas
  27 naga magi
  A rust devil (Depths:3)
  5 eyes of devastation (WizLab)
  A titan simulacrum (Vaults:4)
  4 orange demons (Swamp:4)
  A guardian serpent (shapeshifter) (Vaults:5)
  A torpor snail (Lair:3)
  5 gargoyles
  A hellion (Depths:1)
  16 spiny frogs
  A rime drake (Lair:5)
  A storm dragon simulacrum (Vaults:1)
  4 kobold demonologists
  36 yaktaurs
  10 freezing wraiths
  2 hellwings
  4 komodo dragons
  2 black draconian skeletons (Crypt:2)
  A swamp worm zombie (Crypt:2)
  3 catoblepas skeletons
  A yaktaur skeleton (Vaults:4)
  An ice devil (Depths:1)
  2 red devils
  12 guardian mummies
  A troll (shapeshifter) (Depths:2)
  2 spectral nagas (Snake:2)
  4 polar bears (Lair:6)
  5 tengu conjurers
  A jumping spider (shapeshifter) (Vaults:5)
  A jumping spider (Vaults:1)
  2 trolls
  A shadow dragon simulacrum (Crypt:2)
  10 bog bodies
  A wind drake (shapeshifter) (Vaults:5)
  A blink frog (shapeshifter) (Vaults:5)
  19 blink frogs
  An ettin zombie (Vaults:3)
  11 tyrant leeches
  2 hydra skeletons (Crypt:3)
  2 hornets (shapeshifter)
  4 large abominations (Swamp:4)
  Grinder (D:6)
  18 hornets
  An alligator zombie (Crypt:1)
  6 dream sheep
  A raiju (shapeshifter) (Vaults:4)
  A frost giant simulacrum (Vaults:2)
  11 hippogriffs
  21 flying skulls
  3 redbacks
  8 starcursed masses (WizLab)
  2 shock serpent simulacra (Snake:2)
  An ice dragon skeleton (Crypt:3)
  2 shadows
  2 air elementals
  A fire dragon skeleton (Crypt:3)
  A redback (shapeshifter) (Vaults:5)
  A spriggan (shapeshifter) (Vaults:1)
  2 spectral black mambas (Snake:2)
  2 vampires
  An ettin skeleton (Crypt:2)
  8 fire elementals
  2 yaks (shapeshifter)
  3 tarantellas (Vaults:1)
  2 ushabtiu (Tomb:1)
  A human (D:7)
  33 yaks
  2 wyverns
  5 fire bats (Volcano)
  9 water elementals
  Grum (D:11)
  10 wraiths
  12 vampire mosquitoes
  4 golden eyes (WizLab)
  4 hogs (D:7)
  A basilisk (Lair:2)
  2 hungry ghosts
  A hog (shapeshifter) (Vaults:1)
  2 neqoxecs (WizLab)
  A steam dragon (Lair:3)
  A chaos spawn (Depths:1)
  46 nagas
  18 swamp worms
  17 wargs
  A soldier ant (D:13)
  3 acid dragons
  11 hell hounds
  7 insubstantial wisps
  A torturous demonspawn skeleton (Crypt:2)
  7 water moccasins
  5 porcupines
  A deep troll skeleton (Vaults:3)
  13 swamp drakes
  62 orc warriors
  5 sky beasts
  A spiny frog skeleton (Crypt:2)
  A phantom (D:6)
  2 ice beasts
  3 necrophages
  A snapping turtle zombie (Crypt:1)
  5 black bears
  2 black mamba simulacra (Snake:2)
  A human skeleton (Vaults:3)
  39 ogres
  29 boggarts
  26 centaurs
  26 wolves
  A blink frog skeleton (Crypt:2)
  9 crocodiles
  A human zombie (Vaults:4)
  4 big kobolds
  A hog skeleton (Crypt:1)
  11 bullfrogs
  2 glowing shapeshifter simulacra
  An earth elemental (Elf:3)
  A water moccasin skeleton (Crypt:2)
  A water moccasin zombie (D:12)
  A scorpion (shapeshifter) (Depths:1)
  4 scorpions
  13 killer bees
  A wyvern skeleton (D:10)
  An elf simulacrum (Vaults:3)
  A polar bear zombie (Crypt:2)
  3 human simulacra
  An orc simulacrum (Vaults:1)
  A troll skeleton (Crypt:3)
  5 electric eels
  22 wights
  5 howler monkeys
  4 crimson imps
  5 lava snakes (Volcano)
  3 bullfrog zombies
  A demonspawn zombie (Crypt:2)
  A bullfrog skeleton (D:12)
  A gnoll shaman (Orc:1)
  21 orc priests
  8 hounds
  5 jellies
  An iron imp (Depths:3)
  An iguana (D:10)
  15 orc wizards
  8 worker ants
  5 hell rats (Lair:5)
  2 naga simulacra (Snake:2)
  An ogre zombie (Crypt:2)
  2 hound skeletons
  29 mummies
  2 worker ant zombies
  27 gnolls
  19 adders
  A swamp drake skeleton (Crypt:1)
  2 shadow imps
  A white imp (Vaults:1)
  4 oozes
  3 adder zombies
  4 worms
  An iguana skeleton (Crypt:1)
  A lava snake skeleton (Crypt:1)
  4 dart slugs
  5 leopard geckos
  140 orcs
  6 bats
  3 giant cockroaches
  15 goblins
  21 hobgoblins
  4 jackals (D:6)
  6 quokkas
  A ball python zombie (Crypt:1)
  7 frilled lizards
  A jackal skeleton (D:6)
  2 jackal zombies (D:6)
  25 kobolds
  A leopard gecko zombie (D:7)
  A quokka skeleton (D:7)
  11 rats
  3 briar patches (Swamp:3)
  8 crawling corpses (Elf:3)
  4 fungi
  5 plants
  10 starspawn tentacles (WizLab)
2318 creatures vanquished.

Vanquished Creatures (others)
  A lich (Vaults:5)
  4 yaktaur captains
  A rakshasa (Vaults:1)
  4 death scarabs (Tomb:2)
  A naga sharpshooter (Snake:2)
  A deep elf archer (Vaults:4)
  A deep elf mage (Elf:1)
  A vault sentinel (Vaults:3)
  A naga mage (Snake:4)
  13 yaktaurs
  A hydra skeleton (Tomb:1)
  A spriggan (Swamp:2)
  3 water elementals (Depths:2)
  A naga (Snake:4)
  An orc warrior (Vaults:4)
  A human (D:9)
  A boggart (Elf:1)
  A human zombie (Tomb:1)
  An orc wizard (D:3)
  2 mummies (Tomb:1)
  An orc (Vaults:4)
  A bush (Lair:6)
  2 crawling corpses (Elf:3)
  A demonic plant (WizLab)
  8 fungi
  6 plants
  12 starspawn tentacles (WizLab)
  A withered plant (Crypt:3)
73 creatures vanquished.

Grand Total: 2391 creatures vanquished

Notes
Turn   | Place    | Note
-------+----------+-------------------------------------------
     0 | D:1      | NoiZ the Minotaur Fighter began the quest for the Orb.
     0 | D:1      | Reached XP level 1. HP: 19/19 MP: 0/0
    76 | D:1      | Reached skill level 4 in Fighting
   192 | D:1      | Reached XP level 2. HP: 23/27 MP: 1/1
   809 | D:1      | Reached XP level 3. HP: 29/34 MP: 2/2
  1022 | D:2      | Reached skill level 5 in Fighting
  1278 | D:2      | Reached XP level 4. HP: 40/42 MP: 3/3
  1344 | D:2      | Found a shadowy altar of Dithmenos.
  1802 | D:3      | HP: 1/44 [orc/falchion (3)]
  2351 | D:3      | Reached skill level 6 in Fighting
  2354 | D:3      | Reached XP level 5. HP: 35/50 MP: 2/4
  2454 | D:3      | Found an iron altar of Okawaru.
  2463 | D:3      | Became a worshipper of Warmaster Okawaru
  2777 | D:4      | Reached skill level 5 in Axes
  2803 | D:4      | Reached XP level 6. HP: 57/57 MP: 5/5
  3547 | D:5      | Entered Level 5 of the Dungeon
  3559 | D:5      | Reached XP level 7. HP: 63/63 MP: 6/6
  3724 | D:5      | Found a blossoming altar of Fedhas.
  4225 | D:5      | Reached * piety under Okawaru
  4385 | D:5      | Reached skill level 10 in Axes
  4998 | D:6      | Reached XP level 8. HP: 66/70 MP: 7/7
  4999 | D:6      | Noticed Grinder
  5009 | D:6      | Killed Grinder
  5246 | D:6      | Reached skill level 1 in Dodging
  5851 | D:6      | Found a staircase to the Ecumenical Temple.
  6035 | D:7      | Reached ** piety under Okawaru
  6102 | D:7      | Reached skill level 5 in Armour
  6102 | D:7      | Reached skill level 5 in Shields
  6102 | D:7      | Reached XP level 9. HP: 63/75 MP: 4/8
  6293 | D:7      | Reached *** piety under Okawaru
  6983 | D:8      | Noticed a two-headed ogre
  6989 | D:8      | Killed a two-headed ogre
  6989 | D:8      | Reached **** piety under Okawaru
  6989 | D:8      | Reached XP level 10. HP: 80/83 MP: 6/9
  7966 | D:9      | You fall through a shaft for 2 floors!
  7977 | D:11     | Reached skill level 10 in Armour
  7977 | D:11     | Reached skill level 10 in Shields
  8106 | D:11     | Found a flagged portal.
  8159 | D:11     | Noticed a manticore
  8169 | D:11     | Killed a manticore
  8169 | D:11     | Reached ***** piety under Okawaru
  8298 | D:11     | Found an opulent altar of Gozag.
  8528 | D:11     | Noticed a manticore
  8537 | D:11     | Killed a manticore
  8537 | D:11     | Received a gift from Okawaru
  8571 | Bailey   | Entered a bailey
  8984 | Bailey   | Found an iron altar of Okawaru.
  9000 | Bailey   | Noticed a smoke demon
  9087 | Bailey   | Noticed an orc knight
  9108 | Bailey   | Killed an orc knight
  9108 | Bailey   | Reached XP level 11. HP: 89/89 MP: 1/10
 10219 | D:11     | Killed an unseen horror
 10347 | D:11     | Noticed Grum
 10361 | D:11     | Killed Grum
 10608 | D:12     | Found a deep blue altar of Sif Muna.
 10681 | D:12     | Noticed a brown ugly thing
 10690 | D:12     | Killed a brown ugly thing
 10690 | D:12     | Reached skill level 7 in Fighting
 11237 | D:12     | Found a portal to a secret trove of treasure.
 11471 | D:12     | Got a pitted scale mail
 11482 | D:12     | Identified the +5 scale mail "Baom" {+Blink Str+7} (You found it on level 12 of the Dungeon)
 11836 | D:13     | Received a gift from Okawaru
 11844 | D:13     | Noticed Urug
 11853 | D:13     | Got a faintly glowing plate armour {god gift}
 11866 | D:12     | Identified the +1 plate armour "Wageluas" {Regen+ Int+5} (Okawaru gifted it to you on level 13 of the Dungeon)
 11886 | D:12     | Got an iridescent war axe
 11893 | D:12     | Identified the +10 war axe "Rekutt" {vamp, rElec rF+ MR+} (You acquired it on level 12 of the Dungeon)
 11907 | D:13     | Killed Urug
 11907 | D:13     | Reached skill level 8 in Fighting
 12015 | D:13     | Noticed a deep elf mage
 12024 | D:13     | Killed a deep elf mage
 12067 | D:13     | Noticed a two-headed ogre
 12074 | D:13     | Killed a two-headed ogre
 12480 | D:13     | Reached XP level 12. HP: 79/103 MP: 11/11
 12736 | D:13     | Reached skill level 9 in Fighting
 12940 | D:14     | Noticed a two-headed ogre
 12948 | D:14     | Killed a two-headed ogre
 12949 | D:14     | Reached skill level 15 in Shields
 13003 | D:14     | Found a gate to the Vaults.
 13007 | D:14     | Reached skill level 10 in Fighting
 13360 | D:14     | Reached skill level 1 in Invocations
 13496 | D:14     | Found a runed gate.
 13497 | D:14     | Found a runed gate.
 13497 | D:14     | Found a runed gate.
 13499 | D:14     | Noticed Niaxouha's ghost (journeyman MiFi)
 13630 | D:14     | Killed Niaxouha's ghost
 13632 | D:14     | Reached skill level 11 in Fighting
 13802 | D:15     | Entered Level 15 of the Dungeon
 13828 | D:15     | Noticed a centaur warrior
 13831 | D:15     | Noticed Azrael
 13852 | D:15     | Noticed a five-headed hydra
 14039 | D:14     | Killed a centaur warrior
 14039 | D:14     | Received a gift from Okawaru
 14042 | D:14     | Killed Azrael
 14042 | D:14     | Reached skill level 12 in Fighting
 14264 | D:15     | Noticed a catoblepas
 14271 | D:15     | Killed a catoblepas
 14305 | D:15     | Reached XP level 13. HP: 119/119 MP: 15/15
 14563 | D:15     | Found a staircase to the Depths.
 14731 | D:15     | Reached skill level 13 in Fighting
 15029 | D:10     | Entered Level 10 of the Dungeon
 15162 | D:10     | Found a staircase to the Lair.
 15711 | D:9      | Found a runed door.
 15714 | D:9      | Noticed yrara's ghost (novice DsFi)
 15972 | D:9      | Found a staircase to the Orcish Mines.
 15982 | D:9      | Found an ancient bone altar of Kikubaaqudgha.
 16039 | D:9      | Killed yrara's ghost
 16039 | D:9      | Reached skill level 1 in Throwing
 16085 | Orc:1    | Entered Level 1 of the Orcish Mines
 16117 | Orc:1    | Found Tahael's Distillery.
 16133 | Orc:1    | Received a gift from Okawaru
 16297 | Orc:1    | Bought a potion of heal wounds for 65 gold pieces
 16297 | Orc:1    | Bought a potion of heal wounds for 65 gold pieces
 16710 | Orc:1    | Found a roughly hewn altar of Beogh.
 16987 | Orc:2    | Entered Level 2 of the Orcish Mines
 17235 | Orc:2    | Received a gift from Okawaru
 17241 | Orc:2    | Found Xoxt's Antique Armour Shoppe.
 17241 | Orc:2    | Found Sirghe Soisi's Food Shop.
 17249 | Orc:2    | Reached ****** piety under Okawaru
 17361 | Orc:2    | Found a roughly hewn altar of Beogh.
 17413 | Orc:2    | Reached skill level 15 in Axes
 17527 | Orc:2    | Found Iluotil's Magic Scroll Shop.
 17527 | Orc:2    | Found Iwak's Magic Scroll Shoppe.
 17586 | Orc:2    | Found a staircase to the Elven Halls.
 17611 | Orc:2    | Found Vuutuec's Distillery.
 17872 | Orc:2    | Reached XP level 14. HP: 129/129 MP: 13/16
 18095 | Elf:1    | Entered Level 1 of the Elven Halls
 18120 | Elf:1    | Received a gift from Okawaru
 18392 | Lair:1   | Entered Level 1 of the Lair of Beasts
 18642 | Lair:1   | Found a dark tunnel.
 18647 | Volcano  | Entered a volcano
 18759 | Volcano  | Reached skill level 5 in Throwing
 18792 | Volcano  | Found a burning altar of Makhleb.
 18815 | Volcano  | Found a bloodstained altar of Trog.
 18981 | Lair:1   | Noticed Gastronok
 18994 | Lair:1   | Killed Gastronok
 19145 | Lair:1   | Received a gift from Okawaru
 19145 | Lair:1   | Reached skill level 14 in Fighting
 19999 | Lair:2   | Found an ornate altar of the Wu Jian Council.
 20036 | Lair:2   | Found a staircase to the Snake Pit.
 20134 | Lair:2   | Noticed Sonja
 20352 | Lair:2   | Killed Sonja
 20620 | Lair:3   | Found a staircase to the Swamp.
 21142 | Lair:3   | Found a transporter.
 21145 | Lair:3   | Found a transporter.
 21145 | Lair:3   | Noticed Sesay's ghost (journeyman HOMo)
 21311 | Lair:3   | Noticed Fannar
 21323 | Lair:3   | Killed Fannar
 21323 | Lair:3   | Reached skill level 15 in Fighting
 21383 | Lair:3   | Killed Sesay's ghost
 21839 | Lair:4   | Received a gift from Okawaru
 22431 | Lair:5   | Found a runed door.
 22433 | Lair:5   | Found a viscous altar of Jiyva.
 22433 | Lair:5   | Found a staircase to the Slime Pits.
 22488 | Lair:5   | Noticed Rupert
 22506 | Lair:5   | Killed Rupert
 22506 | Lair:5   | Reached XP level 15. HP: 141/141 MP: 7/17
 22630 | Lair:5   | Found a stormy altar of Qazlal.
 22903 | Lair:5   | Reached skill level 16 in Fighting
 23432 | Lair:6   | Entered Level 6 of the Lair of Beasts
 23611 | Lair:6   | Reached skill level 10 in Throwing
 23727 | Lair:6   | Received a gift from Okawaru
 23751 | Lair:6   | Got a twisted crystal plate armour {god gift}
 24001 | Lair:6   | Identified the +0 crystal plate armour of Panentheism {rN++ Dex+2} (Okawaru gifted it to you on level 6 of the Lair of Beasts)
 24701 | Slime:1  | Entered Level 1 of the Pits of Slime
 24701 | Slime:1  | Noticed an acid blob
 25187 | Swamp:1  | Entered Level 1 of the Swamp
 25350 | Swamp:1  | Reached skill level 17 in Fighting
 26770 | Swamp:3  | Reached XP level 16. HP: 156/156 MP: 9/18
 26950 | Swamp:3  | Noticed a thorn hunter
 26961 | Swamp:3  | Received a gift from Okawaru
 26971 | Swamp:3  | Killed a thorn hunter
 27039 | Swamp:3  | Received a gift from Okawaru
 27178 | Swamp:3  | Reached skill level 18 in Fighting
 27415 | Swamp:4  | Entered Level 4 of the Swamp
 27475 | Swamp:4  | Noticed a tentacled monstrosity
 27490 | Swamp:4  | Killed a tentacled monstrosity
 27845 | Swamp:4  | Received a gift from Okawaru
 27972 | Swamp:4  | Noticed a tentacled monstrosity
 27985 | Swamp:4  | Got a decaying rune of Zot
 28486 | Swamp:4  | Killed a tentacled monstrosity
 28486 | Swamp:4  | Received a gift from Okawaru
 28486 | Swamp:4  | Reached skill level 19 in Fighting
 28487 | Swamp:4  | Got a brightly glowing battleaxe {god gift}
 28708 | Snake:1  | Entered Level 1 of the Snake Pit
 28708 | Snake:1  | Noticed Louise
 28708 | Snake:1  | Noticed Nikola
 29033 | Elf:1    | Found an ancient bone altar of Kikubaaqudgha.
 29275 | Elf:1    | Reached skill level 15 in Armour
 29544 | Elf:1    | Received a gift from Okawaru
 29544 | Elf:1    | Reached XP level 17. HP: 168/168 MP: 19/19
 29559 | Elf:1    | Found a huge runed gate.
 29559 | Elf:1    | Found a huge runed gate.
 29560 | Elf:1    | Found a huge runed gate.
 29560 | Elf:1    | Found a huge runed gate.
 29562 | Elf:1    | Found a huge runed gate.
 29563 | Elf:1    | Found a huge runed gate.
 29567 | Elf:1    | Found a huge runed gate.
 29567 | Elf:1    | Found a huge runed gate.
 29570 | Elf:1    | Found a huge runed gate.
 29658 | Elf:1    | Found a huge runed gate.
 29658 | Elf:1    | Found a huge runed gate.
 29658 | Elf:1    | Found a huge runed gate.
 29660 | Elf:1    | Found a huge runed gate.
 29661 | Elf:1    | Found a huge runed gate.
 29661 | Elf:1    | Found a huge runed gate.
 29661 | Elf:1    | Found a huge runed gate.
 29662 | Elf:1    | Found a huge runed gate.
 29750 | Elf:1    | Got a polished cloak
 29894 | Elf:1    | Found a huge runed gate.
 29894 | Elf:1    | Found a huge runed gate.
 29894 | Elf:1    | Found a huge runed gate.
 29894 | Elf:1    | Found a huge runed gate.
 29895 | Elf:1    | Found a huge runed gate.
 29895 | Elf:1    | Found a huge runed gate.
 29895 | Elf:1    | Found a huge runed gate.
 30053 | Elf:1    | Identified the +2 cloak "Tomumihi" {rElec rF++ Str-5 SInv} (You found it on level 1 of the Elven Halls)
 30077 | Elf:1    | Noticed a deep elf blademaster
 30079 | Elf:1    | Noticed a deep elf master archer
 30089 | Elf:1    | Killed a deep elf blademaster
 30091 | Elf:1    | Killed a deep elf master archer
 30095 | Elf:1    | Received a gift from Okawaru
 30097 | Elf:1    | Reached skill level 20 in Fighting
 30451 | Elf:2    | Found a runed gate.
 30451 | Elf:2    | Found a runed gate.
 30460 | Elf:2    | Found a runed gate.
 31327 | Elf:2    | Received a gift from Okawaru
 31504 | Elf:3    | Entered Level 3 of the Elven Halls
 31548 | Elf:3    | Noticed Asterion
 31560 | Elf:3    | Killed Asterion
 31847 | Elf:3    | Reached XP level 18. HP: 179/179 MP: 12/20
 31860 | Elf:3    | Noticed a Brimstone Fiend
 31866 | Elf:3    | Noticed an Ice Fiend
 32455 | Elf:3    | Received a gift from Okawaru
 32462 | Elf:3    | Noticed an Ice Fiend
 32470 | Elf:3    | Noticed a Tzitzimitl
 32479 | Elf:3    | Noticed a Tzitzimitl
 32505 | Elf:3    | Received a gift from Okawaru
 32737 | Elf:3    | Got a warped marble ring
 32739 | Elf:3    | Identified the ring of Satyriasis {MP+9 Dex+2} (You took it off a deep elf elementalist on level 3 of the Elven Halls)
 32816 | Elf:3    | Found the +8 orange crystal plate armour {Archmagi, Int+3 Clar}
 32844 | Elf:3    | Identified Depnevof's Handbook of Fetching Weightlessness
 32984 | Elf:3    | Got a smoking pewter ring
 32997 | Elf:3    | Identified the ring "Lurip" {rPois Dex+3} (You found it on level 3 of the Elven Halls)
 33638 | Snake:1  | Noticed Roxanne
 33655 | Snake:1  | Killed Louise
 33655 | Snake:1  | Reached skill level 1 in Unarmed Combat
 33684 | Snake:1  | Killed Nikola
 33684 | Snake:1  | Reached skill level 1 in Evocations
 33742 | Snake:1  | Found Noiciopp's Assorted Antiques.
 33864 | Snake:1  | Found Nar Heu's Gadget Emporium.
 33864 | Snake:1  | Found Taaw's Jewellery Shop.
 33865 | Snake:1  | Found Zeprut's Gadget Emporium.
 34247 | Snake:1  | Got a twisted plate armour
 34248 | Snake:1  | Identified the +2 plate armour "Ugosh" {rElec rF+ rC- Regen+} (You found it on level 1 of the Snake Pit)
 34312 | Snake:1  | Found a glowing silver altar of Zin.
 34716 | Snake:1  | Killed Roxanne
 34720 | Snake:1  | Identified Roxanne's Catalogue of the Rocks (You took it off Roxanne on level 1 of the Snake Pit)
 35046 | Snake:2  | Noticed Vashnia
 35084 | Snake:2  | Killed Vashnia
 35158 | Snake:2  | Received a gift from Okawaru
 35566 | Snake:2  | Reached XP level 19. HP: 187/187 MP: 21/21
 35925 | Snake:2  | Found a runed gate.
 35926 | Snake:2  | Found a runed gate.
 35927 | Snake:2  | Found a runed gate.
 36014 | Snake:2  | Noticed Ipnus's ghost (adept HOFi)
 36046 | Snake:2  | Killed Ipnus's ghost
 36051 | Snake:2  | Received a gift from Okawaru
 37243 | Snake:4  | Entered Level 4 of the Snake Pit
 37344 | Snake:4  | Reached skill level 5 in Invocations
 37692 | Snake:4  | Received a gift from Okawaru
 37804 | Snake:4  | Received a gift from Okawaru
 37965 | Snake:4  | Got a serpentine rune of Zot
 37975 | Snake:4  | Received a gift from Okawaru
 38455 | Depths:1 | Entered Level 1 of the Depths
 38555 | Depths:1 | Received a gift from Okawaru
 38557 | Depths:1 | Reached XP level 20. HP: 191/194 MP: 16/25
 38616 | Depths:1 | Found a one-way gate leading to the halls of Pandemonium.
 38852 | Depths:1 | Found Orchiteh's Antique Armour Emporium.
 38903 | Depths:1 | Received a gift from Okawaru
 39067 | Depths:1 | Got a pair of ichor-stained gloves
 39078 | Depths:1 | Identified the cursed -3 pair of gloves of the Past {rC+} (You found it on level 1 of the Depths)
 39105 | Depths:1 | Found a gateway to Hell.
 39133 | Depths:1 | Reached skill level 5 in Evocations
 39429 | Depths:2 | Received a gift from Okawaru
 39430 | Depths:2 | Found the +8 mithril axe "Arga" {speed, MR+}
 39900 | Depths:2 | Noticed a caustic shrike
 39925 | Depths:2 | Killed a caustic shrike
 39932 | Depths:2 | Reached skill level 5 in Unarmed Combat
 40236 | Depths:2 | Identified the Volume of the Fetching Snowflakes
 40288 | Depths:2 | Received a gift from Okawaru
 40527 | Depths:2 | Received a gift from Okawaru
 41216 | Depths:3 | Reached skill level 21 in Fighting
 41318 | Depths:3 | Received a gift from Okawaru
 41336 | Depths:3 | Got a pair of jewelled gloves {god gift}
 41347 | Depths:3 | Identified the +1 pair of gloves of the Saviour {Slay+2} (Okawaru gifted it to you on level 3 of the Depths)
 41741 | Depths:3 | Found a one-way gate to the infinite horrors of the Abyss.
 41763 | Depths:3 | Reached XP level 21. HP: 204/204 MP: 27/27
 41857 | Depths:4 | Reached XP level 22. HP: 204/213 MP: 28/28
 42007 | Depths:4 | Noticed a golden dragon
 42022 | Depths:4 | Killed a golden dragon
 42083 | Depths:4 | Reached skill level 10 in Unarmed Combat
 42171 | Depths:4 | Gained mutation: Potions are less effective at restoring your health. [a cacodemon]
 42489 | Depths:5 | Entered Level 5 of the Depths
 42773 | Depths:5 | Received a gift from Okawaru
 43083 | Depths:5 | Reached skill level 22 in Fighting
 43159 | Depths:5 | Noticed a golden dragon
 43174 | Depths:5 | Killed a golden dragon
 43656 | Depths:5 | Found a gate to the Realm of Zot.
 43731 | Depths:5 | Gained mutation: You do not regenerate when monsters are visible. [a shining eye]
 43839 | Depths:5 | Received a gift from Okawaru
 43874 | Depths:5 | Found a gateway to a ziggurat.
 44758 | Vaults:1 | Entered Level 1 of the Vaults
 44845 | Vaults:1 | Received a gift from Okawaru
 45087 | Orc:2    | Bought a potion of heal wounds for 50 gold pieces
 45087 | Orc:2    | Bought a potion of experience for 500 gold pieces
 45087 | Orc:2    | Reached XP level 23. HP: 223/223 MP: 29/29
 45409 | Depths:2 | Lost mutation: Potions are less effective at restoring your health. [potion of mutation]
 45409 | Depths:2 | Lost mutation: You do not regenerate when monsters are visible. [potion of mutation]
 45409 | Depths:2 | Gained mutation: You are resistant to hostile enchantments. (MR+) [potion of mutation]
 45409 | Depths:2 | Lost mutation: You are resistant to hostile enchantments. (MR+) [potion of mutation]
 45409 | Depths:2 | Gained mutation: You have a pair of large horns on your head. [potion of mutation]
 45410 | Depths:2 | Lost mutation: You have a pair of large horns on your head. [potion of mutation]
 45410 | Depths:2 | Gained mutation: You evolve. [potion of mutation]
 45410 | Depths:2 | Gained mutation: Your muscles are strong. (Str +2) [potion of mutation]
 46357 | Vaults:1 | Found Neicruo's Armour Emporium.
 46357 | Vaults:1 | Found Omomiv's Food Emporium.
 46365 | Vaults:1 | Reached XP level 24. HP: 199/231 MP: 29/29
 46372 | Vaults:1 | Found Jeheduu's Antique Armour Emporium.
 46510 | Vaults:1 | Found a large runed door.
 46510 | Vaults:1 | Found a large runed door.
 46510 | Vaults:1 | Found a large runed door.
 46510 | Vaults:1 | Found a large runed door.
 46510 | Vaults:1 | Found a large runed door.
 46510 | Vaults:1 | Noticed RKaid's ghost (adept HaAM)
 46511 | Vaults:1 | Found a large runed door.
 46515 | Vaults:1 | Found a large runed door.
 46515 | Vaults:1 | Found a large runed door.
 46553 | Vaults:1 | Killed RKaid's ghost
 47193 | Vaults:1 | Gained mutation: You expend magic power (3 MP) to strengthen your wands. [evolution]
 47617 | Vaults:2 | Found a runed door.
 47617 | Vaults:2 | Noticed NoiZ's ghost (veteran MiFi)
 48549 | Vaults:2 | Killed NoiZ's ghost
 48549 | Vaults:2 | Received a gift from Okawaru
 49025 | Vaults:3 | Found a staircase to the Crypt.
 49025 | Vaults:3 | Found an ancient bone altar of Kikubaaqudgha.
 49026 | Vaults:3 | Found a basalt altar of Yredelemnul.
 50417 | Vaults:4 | Received a gift from Okawaru
 50417 | Vaults:4 | Reached XP level 25. HP: 189/238 MP: 29/29
 50510 | Vaults:4 | Received a gift from Okawaru
 50652 | Vaults:4 | Found a shattered altar of Ashenzari.
 50682 | Vaults:4 | Noticed Bai Suzhen
 50701 | Vaults:4 | Killed Bai Suzhen
 50716 | Vaults:4 | Received a gift from Okawaru
 51072 | Vaults:5 | Entered Level 5 of the Vaults
 51080 | Vaults:5 | Reached skill level 15 in Throwing
 51086 | Vaults:5 | Reached skill level 10 in Invocations
 51209 | Vaults:5 | Received a gift from Okawaru
 51392 | Vaults:5 | Got a clouded platinum amulet
 51410 | Vaults:5 | Identified the amulet "Aqoit" {Reflect +Blink Str+3 Int-4 SH+2} (You found it on level 5 of the Vaults)
 51678 | Vaults:5 | Noticed an ancient lich
 51694 | Vaults:5 | Killed an ancient lich
 52151 | Vaults:5 | Received a gift from Okawaru
 52644 | Vaults:5 | Got a silver rune of Zot
 52697 | Vaults:5 | Received a gift from Okawaru
 52701 | Vaults:5 | Got a translucent great sword {god gift}
 52702 | Vaults:5 | Identified the +4 great sword of the Penguin {flame, rElec Dex+4} (Okawaru gifted it to you on level 5 of the Vaults)
 52731 | Vaults:5 | Found the cursed +14 obsidian axe {chop, +Fly SInv *Curse}
 53133 | Vaults:5 | Gained mutation: You are resistant to hostile enchantments. (MR+) [evolution]
 53842 | Crypt:1  | Entered Level 1 of the Crypt
 54071 | Crypt:1  | Found an ancient bone altar of Kikubaaqudgha.
 54481 | Crypt:1  | Found a magical portal.
 54494 | WizLab   | Entered Lehudib's Moon Base
 54613 | WizLab   | Reached XP level 26. HP: 245/246 MP: 29/29
 54627 | WizLab   | Received a gift from Okawaru
 55253 | WizLab   | Found a transporter.
 56080 | WizLab   | Found a transporter.
 56086 | WizLab   | Got a dazzling demon whip
 56114 | WizLab   | Reached skill level 23 in Fighting
 56128 | WizLab   | Identified Lehudib's Compendium of Mutagenic Earth
 56160 | WizLab   | Identified the +4 demon whip of the Spinneret {pain, rElec rPois rN+ Dex+4 SInv} (You found it in a wizard's laboratory)
 56218 | Crypt:1  | Noticed Jory
 56242 | Crypt:1  | Killed Jory
 56889 | Crypt:1  | Noticed Donald
 56898 | Crypt:1  | Killed Donald
 57539 | Crypt:2  | Found a basalt altar of Yredelemnul.
 57787 | Crypt:2  | Received a gift from Okawaru
 57790 | Crypt:2  | Reached skill level 24 in Fighting
 58046 | Crypt:2  | Noticed Frederick
 58057 | Crypt:2  | Killed Frederick
 58218 | Crypt:3  | Entered Level 3 of the Crypt
 58245 | Crypt:3  | Received a gift from Okawaru
 58577 | Crypt:3  | Found the +6 arbalest "Damnation" {damnation}
 58719 | Crypt:3  | Identified The Arcane Secrets of Sorcery
 58803 | Crypt:3  | Found a staircase to the Tomb.
 58805 | Crypt:3  | Found the +4 Vampire's Tooth {vamp}
 58853 | Tomb:1   | Entered Level 1 of the Tomb of the Ancients
 58863 | Tomb:1   | Received a gift from Okawaru
 59080 | Tomb:1   | Reached skill level 25 in Fighting
 59108 | Tomb:1   | Received a gift from Okawaru
 59116 | Tomb:1   | Gained mutation: Your spells are a little harder to cast, but a little more powerful. [evolution]
 59939 | Tomb:1   | Noticed an ancient lich
 59950 | Tomb:1   | Killed an ancient lich
 59950 | Tomb:1   | Received a gift from Okawaru
 60066 | Tomb:1   | Noticed a greater mummy
 60087 | Tomb:1   | HP: 9/260 [death scarab[a greater mummy] (5)]
 60100 | Tomb:1   | HP: 11/260 [mummy priest/divine providence (14)]
 60645 | Tomb:1   | Noticed a greater mummy
 60662 | Tomb:1   | Killed a greater mummy
 60897 | Tomb:1   | Reached XP level 27. HP: 266/266 MP: 29/29
 60918 | Tomb:1   | Reached skill level 26 in Fighting
 60984 | Tomb:1   | Killed a greater mummy
 61656 | Tomb:2   | Noticed a greater mummy
 61657 | Tomb:2   | Reached skill level 1 in Maces & Flails
 61657 | Tomb:2   | Noticed a greater mummy
 61661 | Tomb:2   | Noticed a greater mummy
 61661 | Tomb:2   | Noticed a greater mummy
 61663 | Tomb:2   | HP: 12/265 [mummy priest/divine providence (12)]
 61664 | Tomb:2   | Killed from afar by a greater mummy

Vault maps used:
D:1:      roderic_chinese_lattice_arrival, minmay_stone_trees_small,
          hangedman_decor_clover_reticule, serial_bayou_lagoon_a
D:2:      grunt_dithmenos_smoke
D:3:      lemuel_round_altar
D:4:      first_ration
D:5:      fedhas_altar_1, grunt_ministairs_3, kennysheep_generic_room_8
D:6:      temple_doors_cd, uniq_grinder
D:7:      grunt_livestock
D:9:      orc_0_dummy, gammafunk_ghost_grave, tgw_kikubaaqudgha
D:10:     dpeg_oklobed_lair
D:11:     basic_altar, lightli_bailey_entry_fortress, uniq_grum
D:12:     enter_trove_1, led_sif_book
D:13:     kennysheep_generic_room_14, uniq_urug
D:14:     erik_vaults_1, minmay_strange_pillars, gammafunk_ghost_spectres,
          minmay_liquid_box, small_statue_intersection, kennysheep_windowed_goal
D:15:     grunt_enter_depths_snipers, uniq_azrael
Lair:1:   nicolae_volcano_entry_s_turn, infiniplex_staircase_pool_2,
          grunt_megastairs_4, serial_bayou_shore_a, uniq_gastronok
Lair:2:   guppyfry_snake_entry_island, basic_altar, uniq_sonja
Lair:3:   swamp_mist, gammafunk_ghost_arena, cheibrodos_lair_caveside_slide,
          uniq_fannar
Lair:5:   slime_altar_2, basic_altar, uniq_rupert
Lair:6:   minmay_lair_end_enchanted_forest, st_stairs_8
Swamp:1:  evilmike_swamp_ruin_rubble_1
Swamp:2:  evilmike_swamp_ruin_house_4, infiniplex_staircase_pool
Swamp:3:  evilmike_swamp_ruin_house_6
Swamp:4:  swamp_vile
Snake:1:  serial_shops, nicolae_shop_stone, lemuel_oklob_altar,
          minmay_shop_grove, uniq_louise, uniq_nikola, uniq_roxanne
Snake:2:  special_room, gammafunk_ghost_necromancy, lemuel_fruit_tree,
          uniq_vashnia
Snake:3:  stair_cage_line, grunt_megastairs_1
Snake:4:  snake_pit
Orc:1:    cheibrodos_orc_arena, serial_shops, nicolae_shop_stone,
          minmay_orc_temple_c
Orc:2:    st_orc_town, serial_shops, shop, nicolae_orc_pool_cavern,
          mines4_lemuel
Elf:1:    eino_elf_arrival_customs, basic_altar, hangedman_elf_disciples,
          door_vault
Elf:3:    minmay_elf_hall_spiked, uniq_asterion
Vaults:1: advil_vaults_ghost_lines, nicolae_vaults_arrows, v_misc_13,
          hangedman_vaults_hard_town_square, serial_ice_b,
          nicolae_vaults_puzzle_piece, v_alt_pattern_3,
          nicolae_vaults_puzzle_piece, vaults_dpeg_hooks,
          nicolae_vaults_rhombus_6, vaults_room_semicircle, vaults_dpeg_ring
Vaults:2: gammafunk_vaults_ghost_grave, st_diamondy, grunt_vaults_funnel,
          v_misc_4, hangedman_vaults_corner_blocks, v_misc_29,
          grunt_vaults_focal
Vaults:3: hangedman_vaults_slither, nicolae_vaults_specimen_jars,
          vaults_standard_mumra_enter_the_diamond,
          minmay_crypt_entry_necro_gods, ontoclasm_vaults_ligature,
          vaults_standard_mumra_enter_the_diamond
Vaults:4: nicolae_vaults_ring_of_whatevers, vaults_room_hallway,
          nicolae_vaults_asterisk, ontoclasm_vaults_ring_small,
          hangedman_vaults_cutoff, v_misc_3, ontoclasm_vaults_gateway,
          v_misc_16, nicolae_vaults_big_ls, hangedman_vaults_stretched_pinwheel,
          vaults_dpeg_spiral, nicolae_vaults_network_s, ontoclasm_vaults_idyll,
          grunt_vaults_hallway_long, basic_altar, uniq_bai_suzhen
Vaults:5: serial_shops
Crypt:1:  cheibrodos_crypt_eye_of_stone, mu_enter_wizlab_6,
          minmay_strange_pillars, uniq_jory, uniq_donald
Crypt:2:  st_stairs_7, nicolae_crypt_soggy_tomb, lemuel_statue_altar,
          uniq_frederick
Crypt:3:  quadcrypt_mu
Depths:1: hangedman_abyss_or_decor_stagger, grunt_hell_horde, serial_shops,
          shop, rand_demon_pan_entry_3, kennysheep_generic_room_5
Depths:2: minmay_the_grid_plus_closed, hangedman_tar_grid_catacomb,
          lemuel_freeze_loot_1, minmay_staircase_statues
Depths:3: minmay_ornate_pinched, rand_demon_pan_entry_8, abyss_entry_crystal,
          kennysheep_cross_bottleneck, serial_glass, glass_columns_a,
          glass_columns_a, grunt_hell_entry_dis_mu, serial_bayou_shore_b
Depths:4: minmay_curly_fans, serial_sigils, serial_sigils_hangedman_stare,
          serial_sigils_hangedman_snap, serial_sigils_hangedman_shear,
          serial_sigils_hangedman_shear, hell_entry, rand_demon_pan_entry_9,
          abyss_entry
Depths:5: grunt_zot_entry_gee_three, enter_ziggurat_d, minmay_strange_pillars,
          hell_entry, minmay_three_doors
Bailey:   bailey_axe_of_yendor_kennysheep, bailey
Volcano:  volcano_grotto
WizLab:   wizlab_lehudib

Skill      XL: |  1  2  3  4  5  6  7  8  9 10 11 12 13 14 15 16 17 18 19 20 21 22 23 24 25 26 27 |
---------------+----------------------------------------------------------------------------------+-----
Fighting       | 4 5 6 8 12 13 15 17 19 20 21 22 25 26 | 26.2
Axes           | 3 4 6 7 10 11 15 16 17 18 20 21 22 | 22.0
Dodging        | 4 |  4.0
Armour         | 5 9 11 12 15 17 19 20 21 22 | 22.0
Shields        | 5 9 11 14 15 16 19 20 | 20.0
Invocations    | 4 8 9 10 | 10.0
Throwing       | 4 8 11 12 14 18 19 | 19.0
Unarmed Combat | 4 8 11 | 11.6
Evocations     | 3 4 7 8 |  8.0
Maces & Flails | 1 |  1.8

Action                   |  1- 3 |  4- 6 |  7- 9 | 10-12 | 13-15 | 16-18 | 19-21 | 22-24 | 25-27 || total
-------------------------+-------+-------+-------+-------+-------+-------+-------+-------+-------++-------
Melee: War axe           |    92 |     3 |   124 |   568 |  1038 |   973 |   791 |   537 |   280 ||  4406
       Headbutt          |     9 |    19 |    38 |   122 |   307 |   277 |   241 |   288 |   342 ||  1643
       Mace              |       |   108 |    57 |       |       |       |       |       |       ||   165
       Punch             |       |       |       |       |       |     1 |       |       |       ||     1
       Broad axe         |       |       |       |       |       |       |       |   313 |   619 ||   932
       Great mace        |       |       |       |       |       |       |       |       |    63 ||    63
       Demon whip        |       |       |       |       |       |       |       |       |     3 ||     3
Throw: Javelin           |     8 |    37 |     6 |    41 |   103 |   155 |   168 |   222 |    78 ||   818
       Tomahawk          |       |       |       |    10 |   282 |    46 |   157 |   249 |   438 ||  1182
Invok: Heroism           |       |       |     2 |    18 |    16 |    17 |     9 |    11 |    17 ||    90
       Finesse           |       |       |       |     2 |     5 |    12 |     3 |     4 |     4 ||    30
 Abil: Stop Flying       |       |       |       |     1 |       |       |       |       |       ||     1
Evoke: Wand              |       |       |       |       |       |     7 |       |       |       ||     7
  Use: Scroll            |       |       |     5 |     3 |    21 |     8 |     1 |     4 |    10 ||    52
       Potion            |       |       |       |       |     1 |     3 |     1 |     3 |    13 ||    21
 Stab: Confused          |       |       |       |       |     2 |       |       |       |       ||     2
       Distracted        |       |       |       |       |       |     1 |       |       |       ||     1
  Eat: Chunk             |     1 |     8 |     7 |    25 |    36 |    18 |    18 |    17 |    15 ||   145
       Ration            |       |       |     1 |     2 |     1 |     4 |     1 |     4 |     6 ||    19
Armor: Scale mail        |    38 |    55 |    48 |    88 |   145 |       |       |       |       ||   374
       Plate armour      |       |       |       |     5 |     9 |       |       |       |       ||    14
       Crystal plate arm |       |       |       |       |    91 |   422 |   465 |   339 |   487 ||  1804
Dodge: Dodged            |    30 |    47 |    89 |   151 |   266 |   217 |   206 |   158 |   261 ||  1425
       Deflected         |       |       |       |       |       |    26 |    39 |    35 |    11 ||   111
Block: Shield            |    30 |    60 |   102 |   351 |   670 |   503 |   549 |   453 |   573 ||  3291
       Reflection        |       |       |       |       |       |    35 |    77 |    76 |    26 ||   214

Table legend:
 A = Spawn XP
 B = Non-spawn XP
 C = Spawn XP percentage of total XP
 D = Spawn monster count
 E = Non-spawn monster count
 F = Spawn count percentage of total count
 G = Total turns spent on level
                    A         B        C        D         E        F      G
               +---------+---------+-------+---------+---------+-------+---------
         Total |       0 | 1249754 |   0.0 |       0 |    2314 |   0.0 | 61664
               +---------+---------+-------+---------+---------+-------+---------
           D:1 |       0 |      43 |   0.0 |       0 |      26 |   0.0 |   922
           D:2 |       0 |      62 |   0.0 |       0 |      24 |   0.0 |   725
           D:3 |       0 |     151 |   0.0 |       0 |      32 |   0.0 |  1113
           D:4 |       0 |     532 |   0.0 |       0 |      18 |   0.0 |  1171
           D:5 |       0 |     630 |   0.0 |       0 |      14 |   0.0 |  1058
           D:6 |       0 |     965 |   0.0 |       0 |      23 |   0.0 |  1039
           D:7 |       0 |    2023 |   0.0 |       0 |      29 |   0.0 |   913
           D:8 |       0 |    2209 |   0.0 |       0 |      20 |   0.0 |   828
           D:9 |       0 |    1308 |   0.0 |       0 |      10 |   0.0 |  1074
          D:10 |       0 |    2002 |   0.0 |       0 |      22 |   0.0 |   650
          D:11 |       0 |    4319 |   0.0 |       0 |      53 |   0.0 |  1223
          D:12 |       0 |    3306 |   0.0 |       0 |      29 |   0.0 |  1343
          D:13 |       0 |    6211 |   0.0 |       0 |      34 |   0.0 |  1109
          D:14 |       0 |   10522 |   0.0 |       0 |      35 |   0.0 |  1763
          D:15 |       0 |    8693 |   0.0 |       0 |      32 |   0.0 |  1146
        Lair:1 |       0 |    6784 |   0.0 |       0 |      18 |   0.0 |  1159
        Lair:2 |       0 |   11369 |   0.0 |       0 |      25 |   0.0 |  1113
        Lair:3 |       0 |    4366 |   0.0 |       0 |      10 |   0.0 |  1256
        Lair:4 |       0 |    5308 |   0.0 |       0 |      19 |   0.0 |   813
        Lair:5 |       0 |   12501 |   0.0 |       0 |      52 |   0.0 |  1369
        Lair:6 |       0 |   18408 |   0.0 |       0 |      75 |   0.0 |  1135
       Swamp:1 |       0 |    9086 |   0.0 |       0 |      30 |   0.0 |   830
       Swamp:2 |       0 |   10902 |   0.0 |       0 |      34 |   0.0 |   781
       Swamp:3 |       0 |   15544 |   0.0 |       0 |      35 |   0.0 |   674
       Swamp:4 |       0 |   31749 |   0.0 |       0 |      49 |   0.0 |  1191
       Snake:1 |       0 |   16526 |   0.0 |       0 |      26 |   0.0 |  1166
       Snake:2 |       0 |   29520 |   0.0 |       0 |      47 |   0.0 |  1345
       Snake:3 |       0 |   16399 |   0.0 |       0 |      34 |   0.0 |  1192
       Snake:4 |       0 |   50943 |   0.0 |       0 |      78 |   0.0 |   882
         Orc:1 |       0 |    6002 |   0.0 |       0 |      83 |   0.0 |  1067
         Orc:2 |       0 |   13156 |   0.0 |       0 |      94 |   0.0 |  1187
         Elf:1 |       0 |   46359 |   0.0 |       0 |      56 |   0.0 |  1409
         Elf:2 |       0 |   33168 |   0.0 |       0 |      46 |   0.0 |  1660
         Elf:3 |       0 |   63063 |   0.0 |       0 |      69 |   0.0 |  1439
      Vaults:1 |       0 |   49288 |   0.0 |       0 |      89 |   0.0 |  1418
      Vaults:2 |       0 |   49479 |   0.0 |       0 |      72 |   0.0 |  1360
      Vaults:3 |       0 |   51589 |   0.0 |       0 |      81 |   0.0 |  1755
      Vaults:4 |       0 |   59324 |   0.0 |       0 |      86 |   0.0 |  1116
      Vaults:5 |       0 |  116706 |   0.0 |       0 |      97 |   0.0 |  2189
       Crypt:1 |       0 |   37125 |   0.0 |       0 |      46 |   0.0 |  1585
       Crypt:2 |       0 |   34045 |   0.0 |       0 |      52 |   0.0 |   820
       Crypt:3 |       0 |   24807 |   0.0 |       0 |      46 |   0.0 |   939
        Tomb:1 |       0 |   69636 |   0.0 |       0 |      80 |   0.0 |  2496
        Tomb:2 |       0 |    4351 |   0.0 |       0 |       5 |   0.0 |    11
      Depths:1 |       0 |   38134 |   0.0 |       0 |      69 |   0.0 |   968
      Depths:2 |       0 |   54343 |   0.0 |       0 |      55 |   0.0 |  2067
      Depths:3 |       0 |   40854 |   0.0 |       0 |      41 |   0.0 |  1073
      Depths:4 |       0 |   45863 |   0.0 |       0 |      41 |   0.0 |   661
      Depths:5 |       0 |   68037 |   0.0 |       0 |      57 |   0.0 |  2019
        Bailey |       0 |    2885 |   0.0 |       0 |      43 |   0.0 |  1504
       Volcano |       0 |    3734 |   0.0 |       0 |      17 |   0.0 |   266
        WizLab |       0 |   55425 |   0.0 |       0 |      56 |   0.0 |  1670
               +---------+---------+-------+---------+---------+-------+---------
